Map: Frozen Temple

Players

Scarlett

  • Race: Zerg Zerg
  • League: Grandmaster

Neeb - Winner!

  • Race: Protoss Protoss
  • League: Grandmaster

Event: Team Gravity's Fight Night #40

VOD

Have the link to the VOD?

Description

Time

  • Played on: April 10, 2016, 10:14 p.m.
  • Length: 11:22

All games in this series

Show
View Real Time Build Order
Export as new Build Order

Scarlett Zerg 

Build Orders: Hatch First 

Get SALT Encoding   

  12  0:01  Drone  
  13  0:08  Drone  
  14  0:17  Overlord  
  14  0:22  Extractor  
  14  0:23  Drone  
  15  0:36  Drone x2  
  17  0:52  Hatchery  
  17  0:55  Drone  
  18  0:57  Drone  
  18  1:09  Extractor  
  17  1:13  Spawning Pool  
  17  1:16  Drone  
  17  1:19  Drone  
  18  1:28  Drone  
  19  1:40  Drone  
  20  1:50  Hatchery  
  20  1:51  Drone  
  20  2:01  Drone  
  21  2:05  Zergling x2  
  22  2:09  Metabolic Boost  
  22  2:13  Queen  
  24  2:19  Drone  
  24  2:22  Overlord  
  25  2:29  Drone x2  
  27  2:39  Drone  
  27  2:40  Queen  
  27  2:43  Zergling x2  
  31  2:44  Zergling x2  
  31  2:50  Drone  
  33  2:55  Overlord  
  33  2:58  Drone  
  34  3:03  Drone  
  35  3:05  Drone  
  35  3:10  Pneumatized Carapace  
  35  3:11  Queen  
  38  3:15  Drone x2  
  38  3:18  Drone  
  42  3:20  Drone  
  42  3:23  Drone  
  42  3:25  Zergling x2  
  44  3:27  Drone x2  
  44  3:33  Drone x2  
  48  3:37  Overlord  
  48  3:39  Drone  
  48  3:49  Overlord  
  48  3:50  Drone  
  49  3:57  Drone x3  
  49  3:58  Drone x3  
  55  4:09  Evolution Chamber  
  54  4:10  Baneling Nest  
  54  4:11  Extractor  
  54  4:16  Drone  
  54  4:17  Drone x3  
  56  4:25  Overlord, Drone x6  
  56  4:26  Drone x3  
  56  4:31  Overlord  
  65  4:33  Spore Crawler  
  65  4:35  Zerg Melee Weapons Level 1, Spore Crawler  
  63  4:41  Zergling x4  
  65  4:47  Zergling x8, Spore Crawler  
  65  4:51  Spore Crawler  
  67  4:53  Queen  
  67  4:55  Lair  
  69  5:00  Zergling x12  
  69  5:04  Baneling x5  
  76  5:07  Drone x4  
  76  5:11  Extractor  
  76  5:12  Queen  
  80  5:14  Extractor  
  80  5:15  Zergling x2  
  80  5:16  Zergling x4  
  77  5:31  Zergling x16  
  79  5:37  Queen  
  79  5:39  Drone x4  
  80  5:48  Queen  
  78  5:50  Drone x3  
  78  5:51  Drone x2  
  78  5:55  Spore Crawler  
  77  5:57  Drone x4  
  80  6:05  Infestation Pit  
  80  6:11  Hatchery, Centrifical Hooks  
  78  6:13  Drone x2  
  78  6:14  Evolution Chamber, Drone  
  80  6:21  Overlord x2, Drone x2  
  82  6:30  Overlord x2  
  82  6:31  Overlord, Zerg Melee Weapons Level 2  
  82  6:40  Zerg Ground Armor Level 1  
  82  6:44  Drone  
  82  6:45  Drone x8  
  87  6:49  Pathogen Glands  
  85  6:56  Spore Crawler  
  75  7:03  Drone x2  
  75  7:04  Drone x8  
  75  7:08  Overseer  
  84  7:15  Extractor  
  83  7:18  Hive  
  83  7:19  Drone x4  
  83  7:22  Extractor  
  86  7:25  Drone x2  
  86  7:28  Spire  
  87  7:30  Spore Crawler  
  87  7:34  Zergling x16  
  87  7:36  Queen  
  92  7:41  Queen  
  92  7:43  Zergling x2  
  95  7:45  Overlord  
  95  7:54  Spore Crawler  
  94  7:59  Overlord x3  
  94  8:06  Overlord x2  
  94  8:07  Overlord  
  94  8:17  Queen x2  
  94  8:18  Overlord x2  
  94  8:19  Overlord  
  98  8:25  Drone x2  
  98  8:26  Spore Crawler, Drone x3  
  100  8:29  Drone x5  
  100  8:31  Adrenal Glands  
  100  8:32  Ultralisk Cavern  
  100  8:33  Infestor x2  
  104  8:41  Spore Crawler  
  102  8:46  Infestor x2  
  97  8:51  Zergling x2  
  97  8:52  Zergling x22  
  97  8:55  Queen  
  105  9:02  Zergling x2  
  105  9:03  Zergling x4  
  105  9:05  Zergling x2  
  108  9:18  Infestor  
  108  9:19  Infestor  
  112  9:24  Zergling x8  
  112  9:25  Zergling x4  
  112  9:29  Chitinous Plating  
  112  9:30  Zergling x8  
  112  9:31  Zergling x12  
  126  9:32  Baneling x5  
  126  9:49  Overlord  
  126  9:50  Overlord  
  126  9:56  Queen  
  126  9:57  Queen  
  130  10:04  Zergling x4, Ultralisk  
  130  10:05  Zergling x10  
  143  10:13  Baneling  
  143  10:14  Baneling x7  
  139  10:22  Zergling x20  
  136  10:31  Zergling x6, Ultralisk  
  124  10:42  Zergling x2, Ultralisk  
  120  10:43  Zergling x6  
  115  10:53  Zergling x2  
  115  10:54  Zergling x4  
  109  11:00  Zergling x2  
  109  11:01  Zergling x4  
Show
View Real Time Build Order
Export as new Build Order

Neeb Protoss - Winner!

Build Orders: 1 Gate Expand, Phoenix Opening 

Get SALT Encoding   

  12  0:00  Probe (Chrono Boost)  
  13  0:11  Probe (Chrono Boost)  
  14  0:18  Pylon  
  14  0:22  Probe (Chrono Boost)  
  15  0:36  Probe (Chrono Boost)  
  15  0:37  Gateway  
  16  0:47  Probe (Chrono Boost)  
  17  0:57  Probe (Chrono Boost)  
  17  0:59  Assimilator  
  18  1:08  Probe (Chrono Boost)  
  19  1:19  Nexus  
  19  1:22  Probe (Chrono Boost)  
  20  1:32  Cybernetics Core  
  20  1:35  Probe (Chrono Boost)  
  21  1:41  Assimilator  
  21  1:46  Probe (Chrono Boost)  
  22  1:50  Pylon  
  22  1:56  Probe (Chrono Boost)  
  23  2:08  Probe (Chrono Boost)  
  23  2:09  Warp Gate (Chrono Boost), Adept (Chrono Boost)  
  26  2:20  Probe  
  27  2:29  Probe  
  27  2:32  Stalker  
  27  2:33  Probe  
  31  2:39  Probe  
  31  2:40  Pylon  
  32  2:45  Probe  
  32  2:50  Probe  
  33  2:57  Probe  
  35  3:00  Probe  
  35  3:04  Gateway  
  36  3:06  Gateway  
  36  3:09  Probe  
  36  3:11  Probe  
  36  3:12  Stargate  
  38  3:20  Stargate  
  38  3:21  Probe  
  38  3:22  Probe  
  40  3:32  Probe  
  40  3:33  Probe  
  42  3:42  Assimilator  
  42  3:43  Probe  
  42  3:45  Probe, Assimilator  
  44  3:51  Protoss Air Weapons Level 1 (Chrono Boost)  
  44  3:52  Pylon  
  44  3:54  Probe  
  44  3:55  Phoenix (Chrono Boost)  
  47  3:57  Probe  
  47  4:01  Adept x2  
  52  4:06  Probe  
  52  4:09  Probe  
  54  4:14  Pylon  
  54  4:15  Phoenix (Chrono Boost)  
  56  4:18  Probe  
  56  4:21  Probe  
  56  4:22  Phoenix (Chrono Boost)  
  60  4:32  Pylon  
  60  4:33  Adept x2  
  60  4:34  Adept  
  66  4:40  Phoenix (Chrono Boost)  
  68  4:48  Phoenix (Chrono Boost)  
  68  4:49  Pylon  
  70  4:57  Adept  
  70  4:58  Adept x2  
  76  5:05  Phoenix (Chrono Boost)  
  78  5:07  Pylon  
  78  5:11  Probe x2  
  78  5:13  Phoenix (Chrono Boost)  
  83  5:28  Probe  
  83  5:29  Probe  
  83  5:31  Phoenix (Chrono Boost)  
  76  5:36  Phoenix (Chrono Boost)  
  76  5:40  Probe  
  76  5:42  Probe  
  76  5:53  Phoenix (Chrono Boost), Probe  
  76  5:54  Probe  
  72  5:59  Nexus  
  72  6:02  Pylon, Adept x3  
  78  6:06  Phoenix (Chrono Boost)  
  78  6:10  Mothership Core  
  82  6:13  Pylon  
  82  6:19  Phoenix (Chrono Boost)  
  82  6:22  Adept x2  
  87  6:29  Adept  
  87  6:30  Probe  
  87  6:32  Probe  
  91  6:42  Probe  
  91  6:44  Probe  
  93  6:51  Phoenix x2 (Chrono Boost)  
  97  6:54  Probe  
  97  6:56  Probe  
  99  7:04  Adept x2  
  99  7:06  Adept, Probe  
  102  7:08  Probe  
  102  7:13  Robotics Facility, Probe  
  104  7:15  Robotics Facility  
  104  7:18  Probe  
  104  7:20  Probe  
  104  7:21  Assimilator  
  106  7:23  Probe  
  106  7:24  Assimilator  
  106  7:25  Sentry  
  106  7:26  Zealot  
  106  7:27  Forge  
  111  7:30  Probe  
  111  7:32  Probe  
  113  7:38  Probe  
  113  7:39  Zealot  
  116  7:45  Pylon  
  116  7:54  Stalker x2  
  120  8:01  Twilight Council, Protoss Ground Weapons Level 1  
  120  8:06  Sentry  
  120  8:07  Observer  
  120  8:12  Gateway  
  123  8:14  Gateway  
  123  8:16  Gateway  
  121  8:32  Immortal (Chrono Boost)  
  125  8:38  Gateway  
  125  8:39  Gateway  
  125  8:42  Pylon, Gateway  
  119  8:50  Sentry x2  
  119  8:54  Gateway  
  119  8:58  Templar Archives  
  119  9:02  Phoenix (Chrono Boost)  
  119  9:05  Phoenix  
  119  9:08  Pylon  
  119  9:09  Pylon  
  123  9:10  Warp Prism (Chrono Boost)  
  123  9:11  Stalker  
  123  9:12  Stalker x2  
  131  9:22  Zealot x2  
  133  9:38  Pylon  
  133  9:39  High Templar x3  
  133  9:40  High Templar x3  
  133  9:41  Zealot  
  133  9:45  Archon x3  
  147  9:55  Pylon x2  
  147  9:59  High Templar x2, Zealot  
  153  10:01  Nexus  
  153  10:03  Pylon, Archon  
  153  10:05  Zealot  
  155  10:11  Stalker  
  155  10:12  Stalker x3, Zealot  
  153  10:31  Zealot x3  
  137  10:38  Zealot x6  
  137  10:39  Zealot x3  
  141  10:47  Immortal (Chrono Boost)  
  125  10:58  High Templar x2  
  125  10:59  Robotics Facility, Stalker x2  
  125  11:00  Stalker, Zealot x5  
  143  11:05  Archon  

Tags
 
Add a new tag
Caveats
  • Supply blocks, unpowered buildings, or Contaminate may cause inaccurate times.
  • Supply counts are checked every 10 seconds.